[Event "*** SCC Grand Prix: Titled Tuesday Blitz"]
[Site "Chess.com"]
[Date "2020.06.02"]
[Round "5"]
[White "capatl"]
[Black "tteshan"]
[Result "0-1"]
[WhiteElo "2442"]
[BlackElo "2246"]
[TimeControl "180+1"]
[EndTime "10:59:01 PDT"]
[Termination "tteshan won by resignation"]

1. Nf3 c5 2. g3 Nc6 3. Bg2 g6 4. d4 cxd4 5. Nxd4 Bg7 6. Nb3 Nf6 7. c4 O-O 8. O-O d6 9. Nc3 Be6 10. c5 d5 11. e3 Rc8 12. Nd4 Nxd4 13. exd4 Bg4 14.
Qa4 a6 15. Be3 h5 16. b4 Bf5 17. Qb3 Bd3 18. Rfd1 Bc4 19. Qb2 Qd7 20. a4 Ra8 21. Bf4 Qf5 22. Be5 Rfe8 23. Rd2 e6 24. Nd1 Bh6 25. f4 Ng4 26. Qc3 Nxe5 27. dxe5 h4 28. Ne3 Qh5 29. Nxc4 dxc4 30. Bf3 Qf5 31. Qxc4 hxg3 32.
hxg3 Qh3 33. Kf2 Qh2+ 34. Bg2 Qh5 35. Rh1 Qf5 36. Be4 Qg4 37. Bf3 Qf5 38. Rh5 gxh5 39.
Ke3 Rad8 40. Rd6 Qb1 41. Bxb7 Qg1+ 42. Kf3 Qh1+ 43. Kf2 Qxb7 44. c6 Qb6+ 45. Kf3 Rc8 46. c7 Qxc7 47. Qxa6 Qc3+ 0-1

[Event "*** SCC Grand Prix: Titled Tuesday Blitz"]
[Site "Chess.com"]
[Date "2020.06.02"]
[Round "5"]
[White "WiktoriaPOL"]
[Black "DishonorOnYourCow"]
[Result "1-0"]
[WhiteElo "2029"]
[BlackElo "2285"]
[TimeControl "180+1"]
[EndTime "10:59:01 PDT"]
[Termination "WiktoriaPOL won by checkmate"]

1. d4 Nf6 2. c4 g6 3. Nc3 d5 4.
Nf3 Bg7 5. Bf4 O-O 6. Rc1 Be6 7. e4 Nxe4 8. Nxe4 dxe4 9. d5 exf3 10. dxe6 Qxd1+ 11. Rxd1 fxe6 12. Bxc7 Bxb2 13. gxf3 Bc3+ 14.
Ke2 Nc6 15. Bh3 Nd4+ 16. Rxd4 Bxd4 17. Bxe6+ Kg7 18. Rd1 Bf6 19. Rd7 Rac8 20. Bf4 Rc6 21. Bd5 Rb6 22. Rxb7 Rxb7 23. Bxb7 Bd4 24. Bg5 h6 25. Be3 Bb6 26. c5 Bc7 27. c6 a5 28.
Kd3 Rd8+ 29. Kc4 Rd1 30. Kb5 Rb1+ 31. Ka6 g5 32. a4 Kf6 33. Bd2 Rb6+ 34. Ka7 Rb3 35.
Ka6 Rxf3 36. Bxa5 Bxa5 37. Kxa5 Rc3 38. Kb6 Rb3+ 39. Ka7 Rc3 40. Kb8 Ra3 41. c7 Rc3 42. c8=Q Rxc8+ 43. Bxc8 Ke5 44. a5 Kf4 45. a6 Kf3 46. a7 Kxf2 47. a8=Q e5 48. Qe4 Kg1 49. Qxe5 Kh1 50. Bb7+ Kg1 51. Qg3+ Kf1 52. Ba6# 1-0

[Event "*** SCC Grand Prix: Titled Tuesday Blitz"]
[Site "Chess.com"]
[Date "2020.06.02"]
[Round "5"]
[White "ChainsOfFantasia"]
[Black "mjray79"]
[Result "1-0"]
[WhiteElo "2491"]
[BlackElo "2311"]
[TimeControl "180+1"]
[EndTime "10:59:02 PDT"]
[Termination "ChainsOfFantasia won by resignation"]

1. c4 Nf6 2. Nc3 g6 3. e4 d6 4. d4 Bg7 5. h3 O-O 6. Be3 e5 7. d5 Nh5 8. g3 Na6 9. Be2 Nf6 10.
Nf3 Nh5 11. Nd2 Nf6 12. g4 Nd7 13. h4 Ndc5 14. Qc2 f5 15. gxf5 gxf5 16. exf5 Nb4 17. Qb1 Bxf5 18. Nde4 a5 19. a3 Nba6 20. Qc2 Nxe4 21.
Nxe4 Nc5 22. Bxc5 dxc5 23. O-O-O Bxe4 24. Qxe4 Rxf2 25. Bd3 Bh6+ 26. Kb1 Qe7 27. Rhg1+ Kh8 28. d6 cxd6 29. Bc2 Raf8 30. Rxd6 Rxc2 31. Rxh6 Rcf2 32. Ka2 R2f4 33. Qd5 Rd4 34. Qg2 Rxc4 35. Qe2 Rcf4 36. Qb5 e4 37. Qxa5 e3 38. Qc3+ Rd4 39. Re1 e2 40. Qc2 Re8 41. Rxe2 Qf7+ 42. b3 Rxe2 43.
Qxe2 Kg7 44. Rb6 Qc7 45. Re6 Qf4 46. Re7+ Kh6 47. Qe6+ Kh5 48. Rxh7+ 1-0

[Event "*** SCC Grand Prix: Titled Tuesday Blitz"]
[Site "Chess.com"]
[Date "2020.06.02"]
[Round "5"]
[White "mikerahal"]
[Black "m-garcett"]
[Result "0-1"]
[WhiteElo "2257"]
[BlackElo "2055"]
[TimeControl "180+1"]
[EndTime "10:59:02 PDT"]
[Termination "m-garcett won on time"]

1. e4 c5 2. Nf3 d6 3. Bb5+ Nd7 4.
O-O a6 5. Bd3 g6 6. c3 Bg7 7.
Bc2 Ngf6 8. d4 Qc7 9. Re1 e5 10. dxe5 dxe5 11. c4 O-O 12. Nc3 Rd8 13. Bg5 h6 14.
Be3 Nf8 15. Nd5 Nxd5 16. cxd5 b5 17. a4 Bd7 18. Qe2 c4 19. a5 Qd6 20. Bb6 Rdc8 21. Nd2 c3 22. bxc3 Rxc3 23. Bd3 Rac8 24. f3 f5 25. Kh1 f4 26. Qf1 g5 27. Rec1 Qb4 28. Rcb1 Qd6 29. Rc1 Be8 30. Rxc3 Rxc3 31. Rc1 Qb4 32. Rb1 Qd6 33. Rc1 Qa3 34. Ra1 Qb2 35.
Rd1 Nd7 36. d6 Nc5 37. Bxc5 Rxc5 38. Qe2 Bd7 39. Rb1 Rc1+ 40. Rxc1 Qxc1+ 41. Nf1 Bf8 42. h3 Bxd6 43. Qa2+ Kg7 44. Qd5 Qc5 45. Qb7 Qc7 46. Qd5 Bc6 47. Qe6 Qd7 48. Qb3 Bc7 0-1

[Event "*** SCC Grand Prix: Titled Tuesday Blitz"]
[Site "Chess.com"]
[Date "2020.06.02"]
[Round "5"]
[White "ajian"]
[Black "GMTalks_Youtube"]
[Result "1-0"]
[WhiteElo "2438"]
[BlackElo "2666"]
[TimeControl "180+1"]
[EndTime "10:59:03 PDT"]
[Termination "ajian won on time"]

1. d4 Nf6 2. c4 e6 3. Nc3 Bb4 4.
Qc2 d6 5. Bg5 Nbd7 6. a3 Bxc3+ 7. Qxc3 b6 8. Nf3 Bb7 9. e3 h6 10. Bh4 g5 11. Bg3 Ne4 12. Qc2 f5 13. Nd2 Nxg3 14.
hxg3 Nf6 15. d5 Qe7 16. Bd3 exd5 17. Bxf5 d4 18. O-O dxe3 19. Rfe1 O-O 20. Rxe3 Qg7 21. Rae1 Rae8 22. Nf3 Rxe3 23. Rxe3 Re8 24. Qe2 Rxe3 25. Qxe3 Qf8 26. Nd4 Qe8 27. Be6+ Kh8 28. Qd3 c5 29. Qf5 Qe7 30. Nb5 Be4 31. Qh3 d5 32. Qxh6+ Nh7 33. cxd5 Qf6 34. Qxf6+ Nxf6 35. Nc3 Bg6 36. f4 Kg7 37. Kf2 Kf8 38. Ke3 Ke7 39. fxg5 Ne8 40. Ne4 Bxe4 41. Kxe4 Nd6+ 42. Kf4 b5 43. Ke5 Nc4+ 44. Kf4 Nxb2 45. g6 Kf6 46. d6 1-0

[Event "*** SCC Grand Prix: Titled Tuesday Blitz"]
[Site "Chess.com"]
[Date "2020.06.02"]
[Round "5"]
[White "Lenyas66"]
[Black "mattcolins2025"]
[Result "1-0"]
[WhiteElo "2512"]
[BlackElo "2358"]
[TimeControl "180+1"]
[EndTime "10:59:03 PDT"]
[Termination "Lenyas66 won by checkmate"]

1. e4 c5 2. Nf3 e6 3. d4 cxd4 4.
Nxd4 Nc6 5. Nc3 Qc7 6. Ndb5 Qb8 7. a4 a6 8. Na3 Nf6 9. Be2 Bb4 10. O-O O-O 11. Nc4 Qc7 12. Be3 Bxc3 13. bxc3 Nxe4 14. Bd3 d5 15. Bxe4 dxe4 16. Bb6 Qe7 17. Re1 f5 18. f3 exf3 19. Qxf3 Qf6 20. Rad1 e5 21. Rd6 Be6 22. Qe2 Bxc4 23. Qxc4+ Qf7 24. Qh4 e4 25. Red1 Ne5 26. Bd4 Nc4 27. Bxg7 Qxg7 28. Re6 Ne3 29. Rd2 Ng4 30.
h3 Nf6 31. Rdd6 Ne8 32. Rd5 Rd8 33. Qxd8 f4 34. Rg5 f3 35. Rxg7+ Nxg7 36. Qd5 f2+ 37. Kf1 Nxe6 38. Qxe6+ Kg7 39. Qxe4 Rf7 40. Qe5+ Kg6 41.
a5 Rf5 42. Qg3+ Kf6 43. c4 Ke6 44. Qe3+ Kf7 45. Qb6 Rf6 46. Qxb7+ Kg6 47. c5 Re6 48. c6 Re1+ 49. Kxf2 Rc1 50. c7 Rxc2+ 51. Kg3 h5 52. c8=Q h4+ 53. Kxh4 Rc4+ 54. Qxc4 Kf5 55. Qbd5+ Kf6 56. Qcc6+ Ke7 57. Qdd7+ Kf8 58. Qcc8# 1-0

[Event "*** SCC Grand Prix: Titled Tuesday Blitz"]
[Site "Chess.com"]
[Date "2020.06.02"]
[Round "5"]
[White "MilanJeremic"]
[Black "talman67"]
[Result "0-1"]
[WhiteElo "2243"]
[BlackElo "2550"]
[TimeControl "180+1"]
[EndTime "10:59:03 PDT"]
[Termination "talman67 won on time"]

1. d4 Nf6 2. Nf3 e6 3. g3 c5 4. e3 cxd4 5. exd4 b6 6. Bg2 Bb7 7. O-O Be7 8. Bg5 O-O 9. c3 d6 10. Bxf6 Bxf6 11. Nbd2 Nd7 12. h4 b5 13. a4 a6 14. Re1 Qb6 15. Ne4 Be7 16. Qd3 h6 17. Nfd2 Nf6 18. Nxf6+ Bxf6 19. Bxb7 Qxb7 20. Ne4 Be7 21.
Qf3 Qd5 22. Kg2 Rab8 23. axb5 Rxb5 24. Re2 Rfb8 25. Rxa6 Rxb2 26. Rxb2 Rxb2 27. Ra7 Bf8 28. Qxf7+ Kh7 29. Qf3 Qf5 30. Nf6+ Kh8 31. Qxf5 exf5 32.
Nd5 Rb8 33. Rf7 Kg8 34. Rxf5 g6 35. Rf6 Kg7 36. Re6 Rb5 37. c4 Rb2 38. Re3 Rd2 39.
Nf4 Kf7 40. Rd3 Rc2 41. c5 dxc5 42. dxc5 Bxc5 43. Rf3 g5 44. hxg5 hxg5 45. Nd3+ Kg6 46.
Nxc5 Rxc5 47. Ra3 Rc6 48. Ra4 Rb6 49. Kf3 Rf6+ 50. Kg2 Rb6 51. Kh3 Rf6 52. Ra2 Kh5 53.
f4 gxf4 54. gxf4 Rxf4 55. Re2 Kg5 56. Kg3 Ra4 57. Re5+ Kf6 58. Rd5 Ke6 59. Rc5 Ra3+ 60.
Rc3 Rxc3+ 0-1

[Event "*** SCC Grand Prix: Titled Tuesday Blitz"]
[Site "Chess.com"]
[Date "2020.06.02"]
[Round "5"]
[White "GMHess"]
[Black "AleksanderHnydiuk"]
[Result "1-0"]
[WhiteElo "2733"]
[BlackElo "2562"]
[TimeControl "180+1"]
[EndTime "10:59:04 PDT"]
[Termination "GMHess won by resignation"]

1. e4 c5 2. Nc3 Nc6 3. Bb5 g6 4. h4 Nd4 5. Bc4 d6 6. Nf3 Nf6 7. Ng5 e6 8. d3 Bg7 9. Ne2 Nxe2 10. Qxe2 O-O 11. Bb3 b5 12. a4 bxa4 13. Rxa4 Bd7 14. Ra3 a5 15. O-O a4 16. Ba2 h6 17. Nf3 Bc6 18. e5 Nd5 19. exd6 Qxd6 20. Re1 Rab8 21. Ne5 Rb7 22. Nxc6 Qxc6 23. c3 Rfb8 24. Qe4 Ra7 25. Bc4 Ne7 26. Qxc6 Nxc6 27. Re4 Ne5 28. f4 Nxc4 29.
Rxc4 Rba8 30. Be3 Rb7 31. Ra2 a3 32. bxa3 Rb3 33. Bxc5 Rxc3 34. Rxc3 Bxc3 35. Kf2 Ra4 36. Ke3 e5 37. fxe5 Bxe5 38. d4 Bf6 39. h5 gxh5 40.
Kd3 h4 41. Kc3 Kg7 42. Kb3 Ra6 43. a4 Kg6 44. a5 Kf5 45. Kc4 Kg4 46. Kb5 Ra8 47.
a6 h3 48. gxh3+ Kxh3 49. a7 Kg4 50. Kc6 1-0

[Event "*** SCC Grand Prix: Titled Tuesday Blitz"]
[Site "Chess.com"]
[Date "2020.06.02"]
[Round "5"]
[White "Jenia84"]
[Black "rase"]
[Result "0-1"]
[WhiteElo "2234"]
[BlackElo "2592"]
[TimeControl "180+1"]
[EndTime "10:59:04 PDT"]
[Termination "rase won by resignation"]

1. Nf3 g6 2. e4 d5 3. exd5 Qxd5 4. Nc3 Qd8 5. d4 Bg7 6. h3 Nf6 7. Bf4 O-O 8. Qd2 Bf5 9. O-O-O c6 10. g4 Ne4 11. Nxe4 Bxe4 12. Bg2 Qd5 13. Qe3 Bxf3 14.
Bxf3 Qxa2 15. c3 Nd7 16. h4 Nb6 17. Qd3 Nd5 18. Bd2 b5 19. h5 Rfd8 20. hxg6 hxg6 21. Bh6 Bf6 22. g5 Bh8 23. Bxd5 Qxd5 24. Qh3 Qf5 25. Qh4 f6 26. f4 Kf7 27. gxf6 Bxf6 28. Bg5 Rh8 29.
Qg3 b4 30. cxb4 a5 31. Qb3+ Qd5 32. Qxd5+ cxd5 33. Rxh8 Bxh8 34. bxa5 Rxa5 35. Kc2 Ra4 36. b3 Rxd4 37. Rxd4 Bxd4 38. Kd3 Bc5 39. Bh4 Ke6 40. Bg5 Kf5 41. Kc3 e5 42. b4 Bb6 43.
Bh6 e4 44. Bg7 Kxf4 45. Bd4 Bxd4+ 46. Kxd4 e3 47. Kd3 Kf3 48. b5 e2 49. b6 0-1

[Event "*** SCC Grand Prix: Titled Tuesday Blitz"]
[Site "Chess.com"]
[Date "2020.06.02"]
[Round "5"]
[White "Quattroporte300"]
[Black "Gromes7"]
[Result "0-1"]
[WhiteElo "2296"]
[BlackElo "2043"]
[TimeControl "180+1"]
[EndTime "10:59:04 PDT"]
[Termination "Gromes7 won by checkmate"]

1. e4 c5 2. Nf3 a6 3. c3 d5 4. exd5 Qxd5 5. d4 Nf6 6. Be2 Nc6 7. O-O Bg4 8. h3 Bh5 9. c4 Qd6 10. d5 Bxf3 11. Bxf3 Ne5 12. Be2 Rd8 13. Qa4+ Qd7 14. Qxd7+ Nexd7 15. Nc3 g6 16. Bf4 Bg7 17. Rfe1 O-O 18.
Bf1 Rfe8 19. Rad1 Nh5 20. Bg5 Nhf6 21. Na4 h6 22. Bf4 Nh5 23. Bc1 Bd4 24. Be3 Bxe3 25. Rxe3 Ng7 26. Rde1 Nf5 27. R3e2 Kf8 28. b3 b5 29. cxb5 axb5 30. Nc3 Rb8 31. Rc2 Nd4 32. Rcc1 Nf6 33. Ne4 Nxe4 34. Rxe4 Red8 35. Rxc5 Nf5 36.
Rxb5 Rxb5 37. Bxb5 Rxd5 38. a4 Nd6 39. Rb4 Rd1+ 40.
Kh2 Rd2 41. Kg3 f5 42. Bc4 Ne4+ 43. Kh2 Rxf2 44. Rb8+ Kg7 45. a5 f4 46. Bd5 Ng3 47. a6 Rf1 48. Rg8+ Kf6 49. Rf8+ Kg5 50. Rxf4 Kxf4 51.
a7 Rh1# 0-1

[Event "*** SCC Grand Prix: Titled Tuesday Blitz"]
[Site "Chess.com"]
[Date "2020.06.02"]
[Round "5"]
[White "David_Paravyan"]
[Black "Harsha_Bharathakoti"]
[Result "0-1"]
[WhiteElo "2961"]
[BlackElo "2746"]
[TimeControl "180+1"]
[EndTime "10:59:05 PDT"]
[Termination "Harsha_Bharathakoti won on time"]

1. e4 c5 2. Nf3 d6 3. d4 cxd4 4.
Nxd4 Nf6 5. Nc3 a6 6. Bd3 g6 7. Be2 Bg7 8. Be3 b5 9. a4 b4 10. Nd5 Nxd5 11. exd5 Bb7 12. Bf3 O-O 13. a5 Nd7 14. Ra4 Nc5 15. Rxb4 Qxa5 16. c3 Qc7 17. Nc6 Bxc6 18. dxc6 a5 19. Rb5 Rab8 20. c4 Rxb5 21. cxb5 Rb8 22. Be2 Bxb2 23. Qc2 Ba3 24.
O-O Ne6 25. h4 Bc5 26. h5 Qb6 27. Qd2 Bxe3 28. fxe3 Qc5 29. h6 Qg5 30. c7 Nxc7 31.
Qc3 Ne6 32. Bc4 Qe5 33. Qd2 Nd8 34. Qf2 e6 35. Qa2 d5 36. Be2 Qxe3+ 37. Rf2 Qxh6 38. Qxa5 Qc1+ 39. Bf1 Qc5 40. Qd2 Nb7 41. Qf4 Nd6 42.
Qe5 Rb7 43. Qf6 Ne4 0-1

[Event "*** SCC Grand Prix: Titled Tuesday Blitz"]
[Site "Chess.com"]
[Date "2020.06.02"]
[Round "5"]
[White "colegiodemadrid"]
[Black "arminmusovic"]
[Result "0-1"]
[WhiteElo "2377"]
[BlackElo "2533"]
[TimeControl "180+1"]
[EndTime "10:59:05 PDT"]
[Termination "arminmusovic won by resignation"]

1. e4 c6 2. d4 d5 3. e5 c5 4.
dxc5 Nc6 5. a3 e6 6. Nf3 Bxc5 7. b4 Bb6 8. Bb2 Nge7 9. Bd3 Ng6 10. O-O O-O 11.
Re1 Bd7 12. Nbd2 Rc8 13. c4 Nf4 14. Bf1 a6 15. g3 Ng6 16. h4 h6 17. Bd3 Nge7 18.
Rc1 Ba7 19. Bb1 Nf5 20. Bxf5 exf5 21. cxd5 Ne7 22. Rxc8 Bxc8 23. d6 Ng6 24. h5 f4 25.
hxg6 fxg3 26. Bd4 gxf2+ 27. Bxf2 Bxf2+ 28. Kxf2 fxg6 29. Qb3+ Kh7 30. Rg1 Qh4+ 31. Rg3 Qh2+ 32. Rg2 Qxe5 33. Qe3 Qxd6 34. Qc5 Qf4 35. Qe3 Qh4+ 36.
Ke2 Qh5 37. Qc5 Re8+ 38. Kf2 Bg4 39. Qxh5 Bxh5 40. Nc4 Rf8 41. Rg3 g5 42. Ke3 Re8+ 43. Nfe5 b5 44. Kd4 bxc4 45. Nxc4 Rd8+ 46. Kc3 Be2 47.
Ne5 Rd5 48. Re3 Bb5 49. Kb3 Be8 50. a4 h5 51. Kc3 g4 52. Kc4 Rd1 53. Nd3 Bf7+ 54.
Kc5 h4 55. Ne5 Rd5+ 56. Kc6 Rxe5 57. Rxe5 h3 58. Rf5 h2 59. Rf1 g3 0-1

[Event "*** SCC Grand Prix: Titled Tuesday Blitz"]
[Site "Chess.com"]
[Date "2020.06.02"]
[Round "5"]
[White "sergeikim"]
[Black "alexsergeyev"]
[Result "0-1"]
[WhiteElo "2464"]
[BlackElo "2320"]
[TimeControl "180+1"]
[EndTime "10:59:05 PDT"]
[Termination "alexsergeyev won by resignation"]

1. d4 d5 2. c4 c6 3. Nf3 Nf6 4. Qc2 dxc4 5. Qxc4 b5 6. Qc2 Bb7 7. e3 a6 8. Bd3 e6 9. O-O c5 10. Nbd2 Nc6 11. a3 cxd4 12. exd4 Rc8 13. Qd1 Nxd4 14. Nxd4 Qxd4 15. Nf3 Qg4 16. Be2 Rd8 17. Qe1 Bd6 18. h3 Qe4 19. Bg5 h6 20. Be3 O-O 21. Rd1 Bb8 22.
Qb4 Qxb4 23. axb4 Rd5 24. Rxd5 Nxd5 25. Bc5 Rc8 26. Bd3 Nf4 27. Rd1 Nxh3+ 28. Kf1 Nf4 29. Bb1 g5 30. Rd7 Bc6 31. Rd1 Nxg2 32. Kxg2 g4 33. Kf1 Bxf3 34. Rd7 Bc6 35. Rd4 h5 36. Bd3 f5 37. Bc2 Kf7 38. Bb3 h4 39. Rd1 h3 40.
Re1 Re8 41. Ke2 h2 42. f4 h1=Q 43. Rxh1 Bxh1 44. Ke3 Bd5 45. Bc2 Rh8 46. Kd4 Bxf4 47. Bb6 Bd6 48. Bc5 Ke7 49. Bxd6+ Kxd6 0-1

[Event "*** SCC Grand Prix: Titled Tuesday Blitz"]
[Site "Chess.com"]
[Date "2020.06.02"]
[Round "5"]
[White "tsvet2005"]
[Black "abykhovsky"]
[Result "0-1"]
[WhiteElo "2554"]
[BlackElo "2795"]
[TimeControl "180+1"]
[EndTime "10:59:06 PDT"]
[Termination "abykhovsky won by resignation"]

1. d4 Nf6 2. c4 g6 3. Nc3 d5 4. Nf3 Bg7 5. h4 h5 6. Bg5 c6 7. Bxf6 Bxf6 8. e3 O-O 9. Qb3 e6 10. O-O-O Nd7 11. e4 dxc4 12. Bxc4 b5 13. Bd3 a6 14. e5 Bg7 15. Ne4 c5 16. Nxc5 Nxc5 17. dxc5 Qc7 18. Qc2 Bb7 19. Rhe1 Rac8 20. Be4 Qxc5 21. Qxc5 Rxc5+ 22. Kb1 Bxe4+ 23. Rxe4 Rfc8 24. Re2 Bh6 25. b3 Bc1 26. Nd4 Bf4 27. Nf3 Rc3 28.
Re4 Bc1 29. Nd4 Ba3 30. Ree1 Bc5 31. Re2 Bb6 32. Kb2 R3c5 33. Nc2 Kg7 34. f4 Rc3 35. Nb4 a5 36. Nd3 b4 37. Rdd2 Bd4 38. Kb1 Kf8 39. Re4 Bb6 40. Ree2 Ke7 41. Rc2 Rxc2 42. Rxc2 Rd8 43. Rd2 Be3 44. Rd1 Bxf4 45. Kc2 Bg3 46. Rh1 Rd4 47. Rh3 Bxh4 48. g3 Bg5 49.
Rh2 Rg4 50. Re2 Rxg3 51. Nc5 h4 52. Nb7 h3 53. Kd1 Rg1+ 0-1

[Event "*** SCC Grand Prix: Titled Tuesday Blitz"]
[Site "Chess.com"]
[Date "2020.06.02"]
[Round "5"]
[White "themind1hunter"]
[Black "joksijoksi"]
[Result "1-0"]
[WhiteElo "2502"]
[BlackElo "2342"]
[TimeControl "180+1"]
[EndTime "10:59:06 PDT"]
[Termination "themind1hunter won on time"]

1. e4 e6 2. d4 d5 3. Nd2 Nf6 4. e5 Nfd7 5. Bd3 c5 6. c3 Nc6 7.
Ne2 cxd4 8. cxd4 f6 9. exf6 Nxf6 10. Nf3 Bd6 11. O-O O-O 12. Bf4 Bxf4 13. Nxf4 Ne4 14.
Qc1 Ng5 15. Nxg5 Qxg5 16. Bxh7+ Kxh7 17. Nxe6 Qf6 18. Nxf8+ Qxf8 19. Qg5 Qf5 20. Qh4+ Kg8 21. Rfe1 Bd7 22. Re2 Qg4 23. Qxg4 Bxg4 24. f3 Bd7 25. Rd2 Kf7 26. Re1 Re8 27. Kf2 Rxe1 28. Kxe1 Ke6 29. Kf2 Kd6 30. Ke3 Ke6 31. Kf4 Kf6 32.
h4 Ne7 33. g4 Ng6+ 34. Kg3 Ne7 35. f4 a5 36. f5 a4 37. Kf4 Nc6 38. g5+ Kf7 39. h5 Ne7 40. f6 gxf6 41. g6+ Kg7 42. Rh2 Nf5 43. Re2 b5 44. Re1 b4 45. a3 b3 46. Rd1 Kh6 47. Rh1 Ng7 48. Re1 1-0

[Event "*** SCC Grand Prix: Titled Tuesday Blitz"]
[Site "Chess.com"]
[Date "2020.06.02"]
[Round "5"]
[White "Mikhal867"]
[Black "shineatchess"]
[Result "1-0"]
[WhiteElo "2297"]
[BlackElo "2333"]
[TimeControl "180+1"]
[EndTime "10:59:06 PDT"]
[Termination "Mikhal867 won on time"]

1. c4 e5 2. Nc3 Nf6 3. g3 d5 4.
cxd5 Nxd5 5. Bg2 Nb6 6. Nf3 Nc6 7.
O-O Be7 8. a3 O-O 9. b4 Be6 10. b5 Nd4 11. Nxd4 exd4 12. Na4 Bd5 13. Nxb6 axb6 14. a4 Bxg2 15. Kxg2 Qd5+ 16. f3 Rfe8 17. Ba3 Bxa3 18. Rxa3 Qc4 19. Rf2 h5 20. e4 dxe3 21. dxe3 Qc5 22. Rd3 Rxe3 23. Rxe3 Qxe3 24.
Qd5 h4 25. Qxb7 Re8 26. Qc6 Re6 27. Qc2 Rg6 28. Re2 Qg5 29. Qxc7 Qf5 30. Qd8+ Kh7 31.
Qxh4+ Rh6 32. Qe4 Qxe4 33. Rxe4 Rd6 34. Rc4 Rd2+ 35. Kh3 Ra2 36. Rc6 Rxa4 37. Rxb6 Rb4 38. Rb7 Kg6 39. b6 Kf6 40. f4 Rb2 41. Rb8 Kg6 42. Kg4 Kf6 43. h4 1-0

[Event "*** SCC Grand Prix: Titled Tuesday Blitz"]
[Site "Chess.com"]
[Date "2020.06.02"]
[Round "5"]
[White "ArnieChipmunk"]
[Black "aisha_zakirova"]
[Result "1-0"]
[WhiteElo "2290"]
[BlackElo "1961"]
[TimeControl "180+1"]
[EndTime "10:59:06 PDT"]
[Termination "ArnieChipmunk won on time"]

1. e4 c5 2. Nf3 d6 3. d4 cxd4 4. Nxd4 Nf6 5. Nc3 Nc6 6. Bg5 e6 7. Qd2 a6 8. O-O-O Bd7 9. f3 h6 10. Be3 Be7 11. g4 b5 12. Kb1 b4 13. Nce2 Ne5 14.
Ng3 a5 15. h4 a4 16. g5 hxg5 17. hxg5 Nh7 18. f4 Ng4 19. Bh3 Nxe3 20. Qxe3 b3 21. g6 bxc2+ 22. Kxc2 fxg6 23. Kb1 Rf8 24. Bxe6 a3 25. Rxh7 Qb6 26. Qb3 Qxb3 27. Bxb3 Rxf4 28. Rxg7 Rf2 29. bxa3 Rxa3 30. Nc2 Ba4 31. Nxa3 Bxb3 32. axb3 Rf3 33. Ne2 Rxb3+ 34. Ka2 Re3 35. Rd2 d5 36. Rxe7+ Kxe7 37. exd5 g5 38. d6+ Kd7 39. Nd4 g4 40.
Nf5 Rf3 41. Nh4 Rh3 42. Ng6 g3 43. Ne5+ Ke6 44. d7 g2 45. Rxg2 Rh8 46. Nac4 Rd8 47. Rd2 Ke7 48. Nc6+ 1-0

[Event "*** SCC Grand Prix: Titled Tuesday Blitz"]
[Site "Chess.com"]
[Date "2020.06.02"]
[Round "5"]
[White "Ziachess74"]
[Black "Funo09"]
[Result "0-1"]
[WhiteElo "2599"]
[BlackElo "2785"]
[TimeControl "180+1"]
[EndTime "10:59:07 PDT"]
[Termination "Funo09 won on time"]

1. d4 Nf6 2. Bg5 c5 3. Nc3 cxd4 4. Qxd4 Nc6 5. Qh4 e6 6. e4 Be7 7. O-O-O d6 8. f4 Bd7 9. Nf3 Qa5 10. Qe1 Rc8 11. e5 dxe5 12. fxe5 Ng4 13. Bxe7 Nxe7 14. h3 Nh6 15. Ne4 Qxe1 16. Nd6+ Kf8 17. Rxe1 Rc7 18.
g4 Nd5 19. Bc4 Nb6 20. Bb3 a5 21. a3 Ke7 22. Rhf1 Nc8 23. Ne4 b5 24. Nd4 Rd8 25. Ng5 Nb6 26. Nxh7 a4 27. Ba2 Nc4 28. Ng5 Rdc8 29.
Bxc4 Rxc4 30. Ngf3 Ng8 31. c3 b4 32. axb4 a3 33.
Re3 Rxb4 34. bxa3 Ra4 35. Nc2 Ke8 36. Nfd4 Ne7 37. Kd2 Rac4 38. Ref3 Ba4 39. Rxf7 Rxc3 40. Rf8+ Kd7 41. Rxc8 Rxc8 42. h4 Rh8 43. h5 g6 44. Rh1 Nd5 45. h6 g5 46. Ne3 Nf4 47. h7 Ke7 48. Rh6 Be8 49. Nef5+ exf5 50. gxf5 g4 51. f6+ Kd7 52. Nf5 Bg6 53. Ng3 Rxh7 54.
Ke3 Rxh6 55. Kxf4 Ke6 56. Kxg4 Kxe5 57. Kg5 Rh3 58. Kxg6 Rxg3+ 59. Kf7 Rxa3 0-1

[Event "*** SCC Grand Prix: Titled Tuesday Blitz"]
[Site "Chess.com"]
[Date "2020.06.02"]
[Round "5"]
[White "Supernotar"]
[Black "bait_or_mate"]
[Result "1-0"]
[WhiteElo "2705"]
[BlackElo "2541"]
[TimeControl "180+1"]
[EndTime "10:59:07 PDT"]
[Termination "Supernotar won on time"]

1. d4 Nf6 2. c4 e6 3. Nf3 d5 4. e3 a6 5. Nbd2 Nbd7 6. Bd3 Bd6 7. O-O O-O 8. e4 dxe4 9. Nxe4 Nxe4 10. Bxe4 Nf6 11. Bc2 c5 12. Bg5 h6 13. Bh4 cxd4 14.
Qxd4 Be7 15. Qf4 Nh5 16. Qe4 f5 17. Bxe7 fxe4 18. Bxd8 exf3 19. Be7 fxg2 20. Kxg2 Rf7 21. Bd6 Bd7 22. Be4 Rc8 23. c5 Bc6 24. Rae1 Nf4+ 25. Kg3 Nh5+ 26. Kh4 Nf4 27. Kg4 g5 28. h4 h5+ 29. Kxg5 Bxe4 30. Rxe4 Rf5+ 31. Kh6 Kf7 32. Be5 Ng6 33. Bg7 Rg8 34. Rd1 Rxg7 35. Rd7+ Ne7 36. Rxe7+ Kxe7 37. Kxg7 Rxf2 38. Rb4 Rg2+ 39. Kh6 Kf6 40.
Rxb7 Rg8 41. Kxh5 Rc8 42. b4 e5 43. Kg4 Ke6 44. h5 Kd5 45. h6 Kd4 46. h7 e4 47. Re7 1-0

[Event "*** SCC Grand Prix: Titled Tuesday Blitz"]
[Site "Chess.com"]
[Date "2020.06.02"]
[Round "5"]
[White "youngKID"]
[Black "Reader777"]
[Result "0-1"]
[WhiteElo "2759"]
[BlackElo "2609"]
[TimeControl "180+1"]
[EndTime "10:59:08 PDT"]
[Termination "Reader777 won on time"]

1. e4 c5 2. Nf3 d6 3. c3 Nf6 4. Be2 g6 5. O-O Bg7 6. Re1 O-O 7. Bf1 Nc6 8. h3 e5 9. Na3 d5 10. exd5 Nxd5 11. Nc4 Re8 12. d3 b5 13. Ne3 Bb7 14.
a4 a6 15. g3 Nxe3 16. Bxe3 Qe7 17. Nd2 Nd8 18. Qb3 Qd7 19. Ne4 Ne6 20. Bg2 Qxd3 21. Rad1 Qc4 22. Qxc4 bxc4 23. Nd6 Bxg2 24. Nxe8 Bxh3 25.
Nd6 f5 26. Nxc4 f4 27. Bc1 Bg4 28. Rd6 Ng5 29. Kh1 Nf3 30. Red1 Nd4 31. Re1 Nf3 32. Red1 Nd4 33. cxd4 Bxd1 34. dxc5 Bf3+ 35. Kh2 Rc8 36.
b4 fxg3+ 37. Kxg3 e4 38. Bf4 Be2 39. Ne3 h6 40. c6 Kh7 41. Rd7 Kh8 42. c7 Bf6 43. Be5 Bxe5+ 0-1

[Event "*** SCC Grand Prix: Titled Tuesday Blitz"]
[Site "Chess.com"]
[Date "2020.06.02"]
[Round "5"]
[White "DivyaDeshmukh23"]
[Black "Semen_Khanin"]
[Result "0-1"]
[WhiteElo "2478"]
[BlackElo "2708"]
[TimeControl "180+1"]
[EndTime "10:59:08 PDT"]
[Termination "Semen_Khanin won by resignation"]

1. e4 c5 2. Nf3 e6 3. d4 cxd4 4. Nxd4 Nc6 5. Be3 Nf6 6. Bd3 e5 7. Nxc6 dxc6 8. O-O Be7 9. Nd2 Ng4 10. Qe2 O-O 11. Rad1 Nxe3 12. fxe3 b5 13. Qh5 f6 14. Nb3 Qb6 15. Rf3 Be6 16. Rdf1 c5 17. Nc1 c4 18.
Be2 Rad8 19. Rg3 Bc5 20. Qh6 Rd7 21. Kh1 Kh8 22. Qh5 Bxe3 23. Bg4 Bxg4 24. Qxg4 Rfd8 25. h4 Bf4 26. Rgf3 Qd4 27. Ne2 Qxe4 28. Nxf4 exf4 29. Rxf4 Qg6 30. Qe6 h6 31. R4f2 Rd4 32. Qh3 Rg4 33.
g3 Rxg3 34. Qe6 Rg4 35. Rh2 h5 36. Re1 Kh7 37. Qe3 Rdd4 38. Qf2 Rdf4 39. Qe3 Rxh4 40. Qe2 Rxh2+ 41. Qxh2 Rg4 42. Re2 Qg5 43. Re8 Rh4 0-1

[Event "*** SCC Grand Prix: Titled Tuesday Blitz"]
[Site "Chess.com"]
[Date "2020.06.02"]
[Round "5"]
[White "witcher8"]
[Black "northridgehawk"]
[Result "0-1"]
[WhiteElo "2415"]
[BlackElo "2292"]
[TimeControl "180+1"]
[EndTime "10:59:08 PDT"]
[Termination "northridgehawk won on time"]

1. e4 e5 2. Nf3 Nc6 3. Bc4 Nf6 4. Ng5 d5 5. exd5 Na5 6. Bb5+ Bd7 7. Qe2 Bd6 8. Nc3 O-O 9. Bxd7 Qxd7 10. d3 c6 11. dxc6 Nxc6 12. O-O Nd4 13. Qd1 Rac8 14. Be3 Qf5 15.
Nge4 Be7 16. Nxf6+ Bxf6 17. Rc1 Rfd8 18. Ne4 Be7 19. c3 Ne6 20. Qe2 Qg6 21. f4 exf4 22. Bxf4 Nxf4 23. Rxf4 Qa6 24. Rd1 Qxa2 25. Qh5 Qb3 26.
Rd2 Bf8 27. h3 g6 28. Qf3 Bg7 29. d4 Rc6 30. Nf6+ Bxf6 31. Rxf6 Rxf6 32. Qxf6 Re8 33.
Rf2 a5 34. Kh2 a4 35. Qf3 b5 36. Qc6 Re6 37. Qc8+ Kg7 38. Qd8 a3 39. bxa3 Qxc3 40.
Qd7 Rf6 41. Rxf6 Kxf6 42. Qd6+ Kg7 43. Qe5+ Kg8 44. Qc5 Qb3 45. Qd6 Qa4 46. Qc5 Qa6 47.
Qe5 Qxa3 48. d5 Qc5 49. Qe8+ Kg7 50. Qe5+ f6 51. Qe6 Qf2 52. d6 Qf4+ 53. Kg1 Qd4+ 54. Kf1 Qc4+ 55. Kf2 Qxe6 0-1